 Dungeon Crawl Stone Soup version 0.17-a0-1997-ga88ed7d (webtiles) character file.

1437 Maka the Martial Artist (level 8, -4/59 HPs)
             Began as a Pale Draconian Transmuter on Oct 8, 2015.
             Was a Follower of Okawaru.
             Killed from afar by onono's ghost (8 damage)
             ... with a magic dart
             ... on level 9 of the Dungeon.
             The game lasted 00:21:11 (8418 turns).

Maka the Martial Artist (Pale Draconian Transmuter) Turns: 8418, Time: 00:21:11

Health: -4/59      AC:  9    Str: 12    XL:     8   Next: 45%
Magic:  11/12      EV: 13    Int: 14    God:    Okawaru [*.....]
Gold:   348        SH:  0    Dex: 14    Spells: 3 memorised, 7 levels left

rFire  . . .     SeeInvis .       - Unarmed
rCold  . . .     Clarity  .     (armour unavailable)
rNeg   . . .     SustAt   .     (no shield)
rPois  .         Gourm    .     (helmet restricted)
rElec  .         Spirit   .     E - +0 cloak
rCorr  .         Warding  .     o - +1 pair of gloves
rMut   .         Stasis   .     (no boots)
MR     .....                    (no amulet)
Stlth  +.........               (no ring)
                                i - ring of wizardry

@: appendage, not resistant to hostile enchantments, very unstealthy
A: breathe steam, unfitting armour, horns 2, cold-blooded, AC +6
a: Breathe Steam, End Transformation, Heroism, Renounce Religion


You were on level 9 of the Dungeon.
You worshipped Okawaru.
Okawaru was aware of your devotion.
You were hungry.
You had grown temporary horns.
You visited 2 branches of the dungeon, and saw 9 of its levels.
You also visited: Sewer.

You collected 348 gold pieces.

Inventory:

Hand Weapons
 w - a +0 blowgun
Missiles
 a - 33 arrows
 v - 7 curare-tipped needles
Armour
 o - a +1 pair of gloves (worn)
 E - a +0 cloak (worn)
Jewellery
 i - a ring of wizardry (left hand)
Wands
 p - a wand of fire (4)
Scrolls
 d - 4 scrolls of identify
 h - a scroll of enchant armour
 j - 4 scrolls of teleportation
 l - a scroll of magic mapping
 n - 4 scrolls of remove curse
 u - a scroll of recharging {unknown}
 y - a scroll of enchant weapon
 C - a scroll of blinking
 D - 2 scrolls of amnesia {unknown}
Potions
 e - a potion of cancellation
 f - a potion of berserk rage {unknown}
 g - a potion of lignification
 k - a potion of magic
 q - a potion of degeneration {unknown}
 r - a potion of curing
 s - 2 potions of poison {unknown}
 x - 2 potions of might
 z - a potion of brilliance
 A - 2 potions of agility
Books
 b - a book of Changes

   Spells                             Type                      Level
   a - Beastly Appendage              Transmutation                1
   b - Sticks to Snakes               Transmutation                2
   c - Spider Form                    Transmutation/Poison         3
   d - Ice Form                       Ice/Transmutation            4
   e - Blade Hands                    Transmutation                5
 t - a book of Burglary

   Spells                             Type                      Level
   a - Swiftness                      Charms/Air                   2
   b - Passwall                       Transmutation/Earth          3
   c - Passage of Golubria            Translocation                4
   d - Lee's Rapid Deconstruction     Earth                        5
   e - Darkness                       Hexes                        6
   f - Invisibility                   Hexes                        6
 B - a book of Flames

   Spells                             Type                      Level
   a - Flame Tongue                   Conjuration/Fire             1
   b - Throw Flame                    Conjuration/Fire             2
   c - Conjure Flame                  Conjuration/Fire             3
   d - Inner Flame                    Hexes/Fire                   3
   e - Sticky Flame                   Conjuration/Fire             4
   f - Fireball                       Conjuration/Fire             5
Comestibles
 c - 5 bread rations
 m - 4 meat rations


   Skills:
 - Level 1.1 Fighting
 - Level 3.0 Dodging
 + Level 8.6 Unarmed Combat
 - Level 3.0 Spellcasting
 - Level 6.0 Transmutations


You had 7 spell levels left.
You knew the following spells:

 Your Spells              Type           Power        Failure   Level  Hunger
a - Beastly Appendage     Trmt           ###...       1%          1    #......
b - Sticks to Snakes      Trmt           ###.......   1%          2    ##.....
c - Spider Form           Trmt/Pois      ##........   9%          3    ###....


Dungeon Overview and Level Annotations

Branches:
Dungeon (9/15)             Temple (1/1) D:4
   Lair: D:8-11         Orc: D:9-12

Altars:
Ashenzari
Dithmenos
Elyvilon
Gozag
Kikubaaqudgha
Makhleb
Nemelex Xobeh
Okawaru
Qazlal
Ru
Sif Muna
Vehumet
Xom
Yredelemnul
Zin
The Shining One

Annotations:
D:9 onono's ghost, novice OpWz


Innate Abilities, Weirdness & Mutations

You can breathe blasts of scalding, opaque steam.
Your pale cyan-grey scales are hard (AC +6).
Your body does not fit into most forms of armour.
You are cold-blooded and may be slowed by cold attacks.
You have a pair of horns on your head.


Message History

You hit the wyvern but do no damage. The wyvern closely misses you.
You closely miss the wyvern. The wyvern closely misses you.
You hit the wyvern. Your headbutt misses the wyvern.
The wyvern is lightly wounded.
The wyvern misses you.
The phantom blinks!
The wyvern bites you.
* * * LOW HITPOINT WARNING * * *
You hit the wyvern.
The wyvern is moderately wounded.
The phantom closely misses you. The wyvern bites you.
* * * LOW HITPOINT WARNING * * *
You punch the wyvern!
The wyvern is heavily wounded.
The wyvern bites you.
* * * LOW HITPOINT WARNING * * *
The phantom hits you.
* * * LOW HITPOINT WARNING * * *
The phantom blinks!
Onono's ghost stares at you and mumbles some strange words.
The magic dart hits you!
You die...

## # (.# # #. #.## #
##. .###..# ...
........#..#
#.###.....#....#
#........W..§..#
#.##........@l:# #.#
.......##.## #/#
......##.#
#####.####...#.##§#
....W.......?..##.###
###########?.####.W.#
##..# ###.# #...# #.#
#..## #.#


You could see a phantom, a wyvern and onono's ghost.

Vanquished Creatures
  2 ice beasts
  2 sky beasts
  2 giant frogs
  A crimson imp (D:6)
  A centaur zombie (D:5)
  3 hounds
  3 orc priests (D:6)
  4 orc wizards
  2 worker ants
  Natasha (twice) (D:3)
  2 hound zombies
  2 hound skeletons (D:4)
  2 worker ant zombies
  9 adders
  9 gnolls
  7 oozes
  6 worms
  6 giant geckos
  39 orcs
  5 ball pythons
  6 giant cockroaches
  10 goblins
  25 hobgoblins
  9 jackals
  A quokka (D:5)
  12 bats
  3 giant newts
  18 kobolds
  16 rats
209 creatures vanquished.

Notes
Turn   | Place    | Note
--------------------------------------------------------------
     0 | D:1      | Maka the Draconian Transmuter began the quest for the Orb.
     0 | D:1      | Reached XP level 1. HP: 16/16 MP: 3/3
   176 | D:1      | Reached XP level 2. HP: 10/23 MP: 3/5
   517 | D:1      | Reached skill level 4 in Unarmed Combat
   938 | D:1      | Reached XP level 3. HP: 28/28 MP: 6/6
  1034 | D:1      | Learned a level 2 spell: Sticks to Snakes
  1038 | D:1      | Learned a level 3 spell: Spider Form
  1454 | D:2      | Found a sacrificial altar of Ru.
  1721 | D:2      | Found a faded altar to an unknown god.
  2084 | D:3      | Reached XP level 4. HP: 33/35 MP: 7/7
  2325 | D:3      | Reached skill level 5 in Unarmed Combat
  2975 | D:2      | Noticed a giant frog
  2985 | D:2      | Killed a giant frog
  2985 | D:2      | Reached XP level 5. HP: 4/40 MP: 6/8
  3283 | D:2      | Reached skill level 6 in Unarmed Combat
  4178 | D:3      | Reached XP level 6. HP: 31/47 MP: 7/9
  4204 | D:3      | Reached skill level 7 in Unarmed Combat
  4255 | D:3      | Found a white marble altar of Elyvilon.
  4620 | D:4      | Found a staircase to the Ecumenical Temple.
  4632 | Temple   | Entered the Ecumenical Temple
  4689 | D:4      | Noticed Natasha
  4701 | D:3      | Killed Natasha
  4951 | D:3      | Noticed Natasha
  4967 | D:3      | Killed Natasha
  4993 | D:4      | Found an iron altar of Okawaru.
  5000 | D:4      | Became a worshipper of Warmaster Okawaru
  5221 | D:5      | Entered Level 5 of the Dungeon
  5586 | D:5      | Found a shimmering altar of Xom.
  5817 | D:5      | Your scales start taking on a pale cyan-grey colour.
  5817 | D:5      | Reached XP level 7. HP: 22/52 MP: 10/10
  5922 | D:5      | Found a glowing drain.
  5927 | Sewer    | Entered a sewer
  7320 | D:5      | Reached skill level 5 in Transmutations
  7450 | D:5      | Found a deep blue altar of Sif Muna.
  7502 | D:6      | Found an ancient bone altar of Kikubaaqudgha.
  7813 | D:6      | Reached XP level 8. HP: 35/59 MP: 10/12
  7845 | D:6      | Acquired Okawaru's first power
  8117 | D:6      | Reached skill level 8 in Unarmed Combat
  8295 | D:7      | You fall through a shaft for 2 floors!
  8347 | D:9      | Noticed onono's ghost (novice OpWz)
  8418 | D:9      | Killed from afar by onono's ghost

Vault maps used:
D:1:      sevenhm_arrival_forest_fort_large_2, minivault_5,
          minmay_misc_feat_nine_boxes
D:2:      first_bread, ecumenical_altar_1, nicolae_ru_awakened_eye
D:3:      lemuel_coloured_pillars_altar
D:4:      lemuel_round_altar, temple_hall, amalloy_card_club, uniq_natasha
D:5:      corexii_shantytown, lemuel_blue_sif_altar, basic_altar,
          portal_sewer_entry_e, fountainhead, minmay_misc_feat_ornament,
          wad_woods_river_04, grunt_decor_resistance
D:6:      kiku_gazebo_garden_becter
D:7:      fedhas_altar_fruit_tree, serial_shops, kennysheep_little_box,
          grunt_ministairs_7
D:9:      kennysheep_mini, cheibrodos_worm_habitat, david_orc_4, uniq_grum
Temple:   circular_temple_12
Sewer:    sewer_fruit_machine

Action                   |  1- 3 |  4- 6 |  7- 9 || total
-------------------------+-------+-------+-------++-------
Melee: Unarmed           |   179 |   273 |   332 ||   784
 Cast: Beastly Appendage |     4 |    15 |    13 ||    32
       Sticks to Snakes  |     1 |     1 |       ||     2
 Abil: Breathe Steam     |       |       |     2 ||     2
  Use: Potion            |       |     1 |     3 ||     4
       Scroll            |       |     5 |    11 ||    16
 Stab: Sleeping          |     1 |     2 |     3 ||     6
  Eat: Chunk             |     4 |     5 |     1 ||    10
       Royal jelly       |       |     3 |       ||     3
       Fruit             |       |     2 |       ||     2
       Pizza             |       |       |     2 ||     2
       Bread ration      |       |       |     1 ||     1
